 Dungeon Crawl Stone Soup version 0.28.0 (webtiles) character file.

Game seed: 14008058894894882731

49 crazypyro the Shield-Bearer (level 3, -3/33 HPs)
             Began as a Minotaur Fighter on Feb 6, 2022.
             Succumbed to a water moccasin's poison
             ... in a sewer.
             The game lasted 00:01:42 (1671 turns).

crazypyro the Shield-Bearer (Minotaur Fighter)      Turns: 1671, Time: 00:01:43

Health: -3/33      AC: 10    Str: 24    XL:     3   Next: 53%
Magic:  2/2        EV:  7    Int:  5    God:
Gold:   100        SH:  5    Dex: 12    Spells: 2/2 levels left

rFire   . . .      SeeInvis .   e - +5 war axe of Hoent {drain, Dex+3 Stlth+}
rCold   . . .      Faith    .   c - +0 buckler
rNeg    . . .      Spirit   .   i - +1 chain mail of Qiadigee {Str+2}
rPois   .          Reflect  .   (helmet restricted)
rElec   .          Harm     .   (no cloak)
rCorr   .          Rampage  .   (no gloves)
Will    .....                   (no boots)
Stlth   ..........              (no amulet)
HPRegen 0.11/turn               (no ring)
MPRegen 0.08/turn               (no ring)

@: brilliant, lethally poisoned (-3 -> -23)
A: horns 2, retaliatory headbutt
a: no special abilities


You were in a sewer.
You visited 1 branch of the dungeon, and saw 3 of its levels.
You also visited: Sewer.

You collected 100 gold pieces.

Inventory:

Hand Weapons
 a - a +0 war axe
 e - the +5 war axe of Hoent (weapon) {drain, Dex+3 Stlth+}
   (You acquired it on level 3 of the Dungeon)

   A truly terrible weapon, it drains the life of any living foe it strikes.
   Dex:       It affects your dexterity (+3).
   Stlth:     It makes you more stealthy.
Armour
 b - a +0 scale mail
 c - a +0 buckler (worn)
 i - the +1 chain mail of Qiadigee (worn) {Str+2}
   (You found it on level 2 of the Dungeon)

   Str:       It affects your strength (+2).
Scrolls
 k - a scroll of identify {unknown}
Potions
 d - a potion of might
 h - a potion of attraction {unknown}
 j - a potion of degeneration {unknown}


   Skills:
 - Level 4.0 Fighting
 * Level 3.9 Axes
 - Level 4.0 Armour
 - Level 4.0 Shields


You had 2 spell levels left.
You didn't know any spells.
Your spell library contained the following spells:

 Spells                   Type           Power      Damage    Failure   Level
 Call Canine Familiar     Summ           0%         N/A       100%        3
 Portal Projectile        Hex/Tloc       0%         N/A       100%        3
 Leda's Liquefaction      Hex/Erth       0%         N/A       100%        4


Dungeon Overview and Level Annotations

Branches:
Dungeon (3/15)              Sewer (1/1)

Altars:

Annotations:
D:2 1 runed translucent door, Crazy Yiuf


Innate Abilities, Weirdness & Mutations

You have a pair of horns on your head.
You reflexively headbutt those who attack you in melee.


Message History

The bat hits you but does no damage.
You slash the bat!
You kill the bat!
No target in view!
No target in view!
No target in view!
Found a gate leading back out of this place.
A water moccasin comes into view.
The water moccasin hisses angrily.
A water moccasin is nearby!
Found 41 gold pieces.
You see here a potion of berserk rage.
You miss the water moccasin.
Your headbutt misses the water moccasin.
The water moccasin bites you.
You are poisoned.
The water moccasin poisons you! The water moccasin bites you.
You are lethally poisoned!
The water moccasin poisons you!
You barely miss the water moccasin. You headbutt the water moccasin.
The water moccasin is lightly wounded.
You feel extremely sick.
The water moccasin bites you but does no damage.
The water moccasin completely misses you.
You slash the water moccasin! You drain the water moccasin.
The water moccasin is almost dead.
You feel very sick. The water moccasin bites you.
* * * LOW HITPOINT WARNING * * *
You are more poisoned.
The water moccasin poisons you!
You miss the water moccasin.
Your headbutt misses the water moccasin.
The water moccasin is almost dead.
* * * LOW HITPOINT WARNING * * *
You feel extremely sick. The water moccasin barely misses you.
You block the water moccasin's attack.
It was a potion of brilliance.
You feel clever all of a sudden.
You die...

#.# #.# #######
#.# ##.....## #.#
##...≈...#
#.#######...≈≈≈...
#..........≈≈≈≈≈.∩
#.#######...≈≈≈...
#.# ##...≈...# #@#
##.....## #S#
####### ... .....
....... #.......#
#.......#
#..$$$..#


You could see a water moccasin (drained).

Vanquished Creatures
  A dart slug (D:1)
  5 ball pythons
  7 endoplasms
  2 giant cockroaches (D:2)
  6 goblins
  2 hobgoblins (D:1)
  4 jackals
  6 bats
  A frilled lizard (D:1)
  A kobold (D:1)
  7 rats
42 creatures vanquished.

Notes
Turn   | Place    | Note
-------+----------+-------------------------------------------
     0 | D:1      | crazypyro the Minotaur Fighter began the quest for the Orb.
     0 | D:1      | Reached XP level 1. HP: 19/19 MP: 0/0
    77 | D:1      | Reached XP level 2. HP: 17/27 MP: 1/1
   811 | D:1      | Reached XP level 3. HP: 33/33 MP: 2/2
  1043 | D:2      | Identified the +1 chain mail of Qiadigee {Str+2}
  1342 | D:2      | Found a runed translucent door.
  1343 | D:2      | Noticed Crazy Yiuf
  1593 | D:3      | Identified a scroll of acquirement
  1593 | D:3      | Acquired the +5 war axe of Hoent {drain, Dex+3 Stlth+}
  1635 | D:3      | Found a glowing drain.
  1645 | Sewer    | Entered a sewer
  1664 | Sewer    | Noticed a water moccasin
  1670 | Sewer    | HP: 1/33 [poisoned by a water moccasin]
  1671 | Sewer    | Succumbed to a water moccasin's poison

Illustrated notes

Levels and vault maps discovered:
D:1:      wander_arrival_abandoned_jail, layout_basic, minmay_ruptured
D:2:      layout_basic, lemuel_another_geyser, uniq_crazy_yiuf_cottage
D:3:      layout_basic, mainiacjoe_overflow_alcove_2,
          dreamdust_ecumenical_altar_hidden_monk_grotto,
          cheibrodos_sewer_entry_drain, corexii_item_surrounded_by_moat,
          palyth_stone_intersect, uniq_grinder, uniq_natasha, uniq_ijyb
Sewer:    sewer_big_baddie

Skill      XL: |  1  2 |
---------------+-------+-----
Shields        | 4 |  4.0
Fighting       | 4 |  4.0
Armour         | 4 |  4.0
Axes           | 3 |  3.9

Action                   || total
-------------------------++-------
Melee: War axe           ||    64
       Headbutt          ||    13
  Use: Scroll            ||     3
       Potion            ||     1
Armor: Scale mail        ||    22
       Chain mail        ||    11
Dodge: Dodged            ||    27
Block: Buckler           ||    14
